 Dungeon Crawl Stone Soup version 0.23-a0-760-g92239d2 (webtiles) character file.

131 Telema the Insei (level 4, 42/42 HPs)
             Began as a Golem Monk on Apr 22, 2019.
             Was a Believer of Makhleb.
             Quit the game on level 3 of the Dungeon.
             The game lasted 00:05:24 (2152 turns).

Telema the Insei (Golem Monk)                       Turns: 2152, Time: 00:05:25

Health: 42/42      AC:  9    Str: 20    XL:     4   Next: 61%
Magic:  4/4        EV: 12    Int: 20    God:    Makhleb [**....]
Gold:   152        SH:  0    Dex: 20    Spells: 3/3 levels left

rFire    . . .     SeeInvis .     - Unarmed
rCold    . . .     Gourm    .   (shield unavailable)
rNeg     + + +     Faith    .   (armour unavailable)
rPois    ∞         Spirit   .   (helmet unavailable)
rElec    .         Reflect  .   (cloak unavailable)
rCorr    .         Harm     .   (gloves unavailable)
MR       .....                  (boots unavailable)
Stlth    ++........             (amulet unavailable)
HPRegen  0.14/turn              (ring unavailable)
MPRegen  0.09/turn              (ring unavailable)

@: no status effects
A: large, negative energy resistance 3, torment resistance, unbreathing, rot
immunity, AC +9
a: Minor Destruction, Renounce Religion


You were on level 3 of the Dungeon.
You worshipped Makhleb.
Makhleb was pleased with you.
You were not hungry.

You visited 1 branch of the dungeon, and saw 3 of its levels.

You collected 152 gold pieces.

Inventory:

Wands
 c - a wand of scattershot (5)
Scrolls
 a - 3 scrolls of identify {unknown}
 d - 3 scrolls of fear {unknown}
 g - a scroll of remove curse {unknown}
Potions
 b - 3 potions of brilliance {unknown}
 e - a potion of heal wounds {unknown}
 f - 2 potions of curing {unknown}
 h - a potion of agility {unknown}


   Skills:
 + Level 3.4 Fighting
 + Level 3.2 Dodging
 + Level 2.3 Stealth
 + Level 5.0 Unarmed Combat


You had 3 spell levels left.
You didn't know any spells.
Your spell library was empty.

Dungeon Overview and Level Annotations

Branches:
Dungeon (3/15)

Altars:
Makhleb
Zin


Innate Abilities, Weirdness & Mutations

You cannot use equipment.
You do not eat.
Your clay body is tough. (AC +9)
You are immune to poison.
You are immune to negative energy. (rN+++)
You are immune to unholy pain and torment.
You can survive without breathing.
You are immune to rotting.


Message History

No target in view!
No target in view!
No target in view!
No target in view!
No target in view!
No target in view!
No target in view!
No target in view!
No target in view!
No target in view!
No target in view!
Things that are here:
a +0 short sword; a +0 blowgun; 11 poisoned needles
Things that are here:
a +0 short sword; a +0 blowgun; 11 poisoned needles You open the door.
There is an open door here.
Done exploring.
Done exploring.
Are you sure you want to abandon this character and quit the game? (Confirm with "yes".)

...# #........# #.####.
†### #.######## #......
.# #.# ####### .# #.# ##
#.##### #.(...# ######
#.###.# #....#
#.###.##########
#.##.###.......@......#
##.........##.########.#
....#.#.....#.# #.#
##....##...##.# #.#
########.....# #.#
#.##### #.# ## #.# #.#
.# ##'## #.# .# ##)..##
##.##


There were no monsters in sight!

Vanquished Creatures
  A gnoll (D:1)
  4 adders
  A worm (D:2)
  6 dart slugs
  2 leopard geckos (D:1)
  An orc (D:3)
  A ball python (D:3)
  6 bats
  4 giant cockroaches
  8 goblins
  7 hobgoblins
  4 jackals (D:2)
  7 kobolds
  6 frilled lizards
  8 rats
66 creatures vanquished.

Notes
Turn   | Place    | Note
-------+----------+-------------------------------------------
     0 | D:1      | Telema the Golem Monk began the quest for the Orb.
     0 | D:1      | Reached XP level 1. HP: 21/21 MP: 1/1
    70 | D:1      | Reached XP level 2. HP: 23/28 MP: 2/2
   265 | D:1      | Reached XP level 3. HP: 23/34 MP: 3/3
   279 | D:1      | Reached skill level 4 in Unarmed Combat
   691 | D:2      | Found a burning altar of Makhleb.
   706 | D:2      | Became a worshipper of Makhleb the Destroyer
   706 | D:2      | Reached * piety under Makhleb
   706 | D:2      | Reached ** piety under Makhleb
   883 | D:2      | Reached XP level 4. HP: 42/42 MP: 4/4
  1643 | D:3      | Reached skill level 5 in Unarmed Combat
  1863 | D:3      | Found a glowing silver altar of Zin.
  2152 | D:3      | Quit the game

Vault maps used:
D:1:      saegor_arrival_simple_d
D:2:      old_standard_altar, first_ration
D:3:      zin_scriptorium

Skill      XL: |  1  2  3  4 |
---------------+-------------+-----
Dodging        | 3 |  3.2
Unarmed Combat | 4 5 |  5.0
Stealth        | 2 |  2.3
Fighting       | |  3.4

Action                   |  1- 3 |  4- 6 || total
-------------------------+-------+-------++-------
Melee: Unarmed           |   140 |    61 ||   201
       Punch             |     4 |       ||     4
 Stab: Sleeping          |    10 |     7 ||    17
Armor: Skin              |    58 |    23 ||    81
Dodge: Dodged            |    82 |    27 ||   109

Table legend:
 A = Non-vault XP
 B = Vault XP
 C = Vault XP percentage of total XP
 D = Non-vault monster count
 E = Vault monster count
 F = Vault count percentage of total count
                 A         B        C        D         E       F
            +---------+---------+-------+---------+---------+-------
      Total |     188 |       0 |   0.0 |      66 |       0 |   0.0
            +---------+---------+-------+---------+---------+-------
        D:1 |      66 |       0 |   0.0 |      26 |       0 |   0.0
        D:2 |      72 |       0 |   0.0 |      25 |       0 |   0.0
        D:3 |      50 |       0 |   0.0 |      15 |       0 |   0.0
            +---------+---------+-------+---------+---------+-------
